 Dungeon Crawl Stone Soup version 0.30-a0-1160-g6e42c06551 (webtiles) character file.

Game seed: 6575690879283274210

29908 kae the Grappler (level 12, 0/130 HPs)
             Began as a Demigod Transmuter on Apr 25, 2023.
             Slain by a wyvern (12 damage)
             ... on level 5 of the Lair of Beasts.
             The game lasted 00:18:07 (21633 turns).

kae the Grappler (Demigod Transmuter)              Turns: 21633, Time: 00:18:08

Health: 0/130      AC: 30    Str: 15    XL:     12   Next: 86%
Magic:  20/20      EV: 15    Int: 27    God:
Gold:   1070       SH:  0    Dex: 14    Spells: 1/17 levels left

rFire   . .          .
                       - Unarmed
rCold   . . .        (no shield)
rNeg    + . .        a - melded +0 robe
rPois   ∞            h - +1 hat
rElec   +            s - +2 cloak
rCorr   .            (gloves currently unavailable)
SInv    +            q - melded +2 pair of boots
Will    +....        (no amulet)
Stlth   +            L - ring of flight
HPRegen 0.41/turn    v - ring of see invisible
MPRegen 0.17/turn

%: no passive effects
@: statue-form, wereblooded, flying, slowed, very slow
A: slow and powerful, torment resistance 1, boosted hp, high MP 1, forlorn,
divine attributes
a: End Transformation


You were on level 5 of the Lair of Beasts.
You were a living statue of rough stone.
You visited 2 branches of the dungeon, and saw 16 of its levels.

You collected 1070 gold pieces.


Innate Abilities, Weirdness & Mutations

You are a living statue of rough stone.
Your actions are slow, but your melee attacks are powerful.
You are resistant to unholy torment.
Your maximum health is greatly increased.
You are immune to poison.
Your equipment is partially melded.
You have an increased reservoir of magic. (+10% MP)
You shall have no god before yourself.
Your divine heritage dramatically boosts your attributes as you level up.


   Skills:
 - Level 7.1 Fighting
 - Level 8.1 Dodging
 - Level 10.0 Unarmed Combat
 - Level 3.0 Spellcasting
 + Level 9.8 Transmutations
 - Level 6.0 Ice Magic
 + Level 9.8 Earth Magic
 - Level 2.0 Poison Magic


You had one spell level left.
You knew the following spells:

 Your Spells              Type           Power      Damage    Failure   Level
a - Beastly Appendage     Tmut           100%       N/A       1%          1
b - Wereblood             Tmut           55%        N/A       1%          2
c - Spider Form           Tmut/Pois      36%        N/A       2%          3
d - Ice Form              Ice/Tmut       46%        N/A       3%          4
e - Statue Form           Tmut/Erth      36%        N/A       24%         6

Your spell library contained the following spells:

 Spells                   Type           Power      Damage    Failure   Level
 Apportation              Tloc           8%         N/A       9%          1
 Summon Small Mammal      Summ           16%        N/A       9%          1
 Frozen Ramparts          Ice            72%        1d11      2%          3
 Ensorcelled Hibernation  Hex/Ice        40%        N/A       3%          2
 Lee's Rapid Deconstruct  Erth           27%        3d15*     4%          5
 Leda's Liquefaction      Hex/Erth       15%        N/A       12%         4
 Blink                    Tloc           8%         N/A       13%         2
 Lesser Beckoning         Tloc           8%         N/A       13%         2
 Momentum Strike          Conj/Tloc      8%         3d8       13%         2
 Alistair's Intoxication  Tmut/Pois      24%        N/A       22%         5
 Call Canine Familiar     Summ           4%         N/A       26%         3
 Portal Projectile        Hex/Tloc       8%         N/A       26%         3
 Summon Guardian Golem    Hex/Summ       4%         N/A       26%         3
 Vhi's Electric Charge    Tloc/Air       8%         N/A       26%         3
 Summon Ice Beast         Ice/Summ       20%        N/A       26%         4
 Borgnjor's Vile Clutch   Necr/Erth      15%        N/A       32%         5
 Anguish                  Hex/Necr       2%         N/A       65%         4
 Animate Dead             Necr           4%         N/A       65%         4
 Arcjolt                  Conj/Air       2%         1d12      94%         5
 Simulacrum               Ice/Necr       10%        N/A       98%         6
 Ozocubu's Refrigeration  Ice            18%        4d11      99%         7
 Death Channel            Necr           2%         N/A       100%        6
 Plasma Beam              Fire/Air       2%         2x1d13    100%        6
 Polar Vortex             Ice            18%        N/A       100%        9

Inventory:

Missiles
 g - a boomerang
 i - 67 poisoned darts
 m - 141 stones
 r - a throwing net {=f!f}
 t - 6 curare-tipped darts {=f}
 M - 6 silver javelins
Armour
 a - a +0 robe (melded)
 h - a +1 hat (worn)
   (You found it on level 2 of the Dungeon)
 q - a +2 pair of boots (melded)
   (You found it on level 5 of the Dungeon)
 s - a +2 cloak (worn)
   (You found it on level 6 of the Dungeon)
Jewellery
 v - a ring of see invisible (right fist)
   (You found it on level 8 of the Dungeon)
 C - a ring of protection from cold
   (You found it on level 8 of the Dungeon)
 L - a ring of flight (left fist)
   (You found it on level 3 of the Dungeon)
 N - a ring of positive energy
   (You found it on level 1 of the Lair of Beasts)
 R - a ring of resist corrosion
   (You found it on level 2 of the Lair of Beasts)
 T - an amulet of faith {!P}
   (You found it on level 10 of the Dungeon)
 Z - a ring of wizardry
   (You found it on level 9 of the Dungeon)
Wands
 b - a wand of flame (71)
   (You found it on level 4 of the Dungeon)
 u - a wand of quicksilver (11)
   (You took it off Psyche on level 8 of the Dungeon)
 y - a wand of polymorph (8)
   (You took it off Maggie on level 8 of the Dungeon)
Scrolls
 c - 2 scrolls of noise {!r}
 j - 10 scrolls of teleportation {@r4}
 l - a scroll of vulnerability {!r!r}
 n - 4 scrolls of enchant armour
 A - 2 scrolls of brand weapon
 B - 3 scrolls of fog
 D - a scroll of silence {!r}
 G - 3 scrolls of identify {@r1}
 H - a scroll of poison {!r}
 I - 2 scrolls of immolation {!r!r}
 P - a scroll of amnesia
Potions
 d - 4 potions of mutation {!q}
 e - a potion of degeneration {!q}
 f - 6 potions of curing {@q1}
 k - 2 potions of cancellation
 o - 2 potions of ambrosia
 p - 2 potions of magic
 w - 2 potions of haste {@q3}
 x - a potion of might
 z - 4 potions of attraction {!q}
 E - a potion of flight
 F - 2 potions of heal wounds {@q2}
 J - 2 potions of lignification {!q}
 K - a potion of resistance
 O - a potion of brilliance

Dungeon Overview and Level Annotations

Branches:
Dungeon (11/15) Zot: 25754  Temple (0/1) D:4            Lair (5/5) D:8 Zot: 24206
  Swamp (0/4) Lair:2        Snake (0/4) Lair:3        Slime (0/5) Lair:4
    Orc (0/2) D:9

Annotations:
D:5 3 runed translucent doors, caveywoolpert's ghost, amateur GrEE
D:7 exclusion: door
D:9 exclusion: boulder beetle
Lair:3 3 runed translucent doors, UltrafastDeath's ghost, journeyman DjWr

.P.............P..
####.)....#......##
#...####.^...##
#..# ##.....##
###.....#.
.........#
.........# #...##
#.l8.# #....##
..P.....# Yw..Y..#.
...D.....##


YY....... ......... ....... You could see a four-headed hydra, a torpor snail, 3
yaks and a wyvern.


Message History

The wyvern bites you.
* * * LOW HITPOINT WARNING * * *
The hornet barely misses you. The water moccasin misses you.
A wolf comes into view.
The water moccasin closely misses you. The wyvern bites you.
* * * LOW HITPOINT WARNING * * *
The water moccasin closely misses you.
The hornet stings you but does no damage.
The hell rat bites you but does no damage.
The wolf moves out of view. 😨 HP[-7]
You take 7 damage, and now have 46/130 hp.
Unknown command.
You barely miss the hornet.
A wolf comes into view.
The water moccasin closely misses you. The wyvern misses you.
The hornet stings you but does no damage.
The water moccasin barely misses you. x2; The hell rat misses you.
The wyvern closely misses you. The hornet completely misses you.
A wolf comes into view.
The wolf moves out of view.
Unknown command.
You barely miss the hornet.
The wolf howls!
You hear a howl!
The wolf howls!
The water moccasin misses you. The water moccasin barely misses you.
The wyvern bites you.
* * * LOW HITPOINT WARNING * * *
The hornet stings you but does no damage.
The hell rat closely misses you.
The water moccasin bites you but does no damage.
The water moccasin misses you. The wyvern bites you!
* * * LOW HITPOINT WARNING * * *
The hell rat bites you but does no damage.
The hornet stings you.
* * * LOW HITPOINT WARNING * * *
😱 HP[-18] MP[+1]
You take 18 damage, and now have 28/130 hp.
Your mp is fully restored (20).
Unknown command.
As you read the scroll labelled MIONOA DUFEPUAM, it crumbles to dust.
It is a scroll of amnesia.
Really abort (and waste the scroll)?
Okay, then.
The water moccasin bites you but does no damage.
The water moccasin completely misses you.
The wyvern bites you but does no damage.
The hornet misses you.
The hell rat bites you but does no damage.
The water moccasin bites you!
* * * LOW HITPOINT WARNING * * *
The water moccasin barely misses you. The wyvern misses you.
The hornet misses you. The water moccasin misses you.
The hell rat bites you but does no damage. 😱 HP[-7]
You take 7 damage, and now have 21/130 hp.
As you read the scroll of teleportation {@r4}, it crumbles to dust.
You feel strangely unstable.
The wyvern bites you but does no damage.
The water moccasin bites you but does no damage.
The hornet stings you but does no damage.
The water moccasin bites you but does no damage.
The wyvern bites you!
* * * LOW HITPOINT WARNING * * *
The water moccasin misses you. The hell rat closely misses you.
The hornet stings you.
* * * LOW HITPOINT WARNING * * *
The water moccasin barely misses you. 😱 HP[-7]
You take 7 damage, and now have 14/130 hp.
Unknown command.
Unknown command.
Unknown command.
Okay, then.
The water moccasin bites you but does no damage.
The wyvern bites you but does no damage.
The water moccasin completely misses you.
The wyvern bites you but does no damage. 😱 HP[+1] Unknown command.
Unknown command.
The water moccasin attacks as you move away!
The water moccasin bites you.
* * * LOW HITPOINT WARNING * * *
The water moccasin barely misses you.
The water moccasin bites you but does no damage. x3 😱 HP[-5]
You take 5 damage, and now have 10/130 hp.
Unknown command.
Unknown command.
Unknown command.
Your surroundings suddenly seem different.
A wyvern, a four-headed hydra, a torpor snail and a yak come into view.
The wyvern hisses angrily.
The yak bellows!
You hear a bellow! x2
Being near the torpor snail leaves you feeling lethargic.
A yak comes into view. 😱 HP[+1] Unknown command.
A yak comes into view. x2
The wyvern bites you!
You die...

Skill      XL: |  1  2  3  4  5  6  7  8  9 10 11 12 |
---------------+-------------------------------------+-----
Transmutations | 2 3 4 5 6 7 9 |  9.8
Spellcasting   | 2 3 |  3.0
Poison Magic   | 1 2 |  2.0
Ice Magic      | 2 3 5 6 |  6.0
Fighting       | 5 7 |  7.1
Unarmed Combat | 7 10 | 10.0
Dodging        | 5 8 |  8.1
Earth Magic    | 7 9 |  9.8

Action                     |  1- 3 |  4- 6 |  7- 9 | 10-12 || total
---------------------------+-------+-------+-------+-------++-------
  Melee: Unarmed           |    67 |   233 |   277 |   706 ||  1283
         Kick              |    17 |    10 |       |       ||    27
         Headbutt          |     8 |     2 |       |       ||    10
         Punch             |       |     2 |       |     9 ||    11
   Cast: Beastly Appendage |    18 |    13 |       |       ||    31
         Wereblood         |     2 |     4 |    15 |    30 ||    51
         Spider Form       |       |    13 |       |       ||    13
         Ice Form          |       |     3 |    41 |    80 ||   124
         Statue Form       |       |       |       |     4 ||     4
Ability: End Transformatio |       |       |       |     1 ||     1
  Evoke: Wand              |       |       |     2 |     9 ||    11
    Use: Scroll            |     4 |     8 |     4 |    13 ||    29
         Potion            |     1 |     2 |     5 |     2 ||    10
   Stab: Sleeping          |       |     1 |     1 |       ||     2
 Armour: Robe              |    10 |    17 |     3 |     4 ||    34
         Skin              |       |    87 |   122 |   308 ||   517
  Dodge: Dodged            |    44 |   224 |   154 |   453 ||   875

Levels and vault maps discovered:
D:1:      matt_arrival_spirals, layout_loops_cross
D:2:      layout_basic, minmay_misc_feat_rows, minmay_3d_cube
D:3:      layout_rooms
D:4:      layout_cave_pools, grunt_temple_overflow_cloverleaf,
          lemuel_temple_firewalk_a, serial_demonic, serial_demonic_c,
          serial_demonic_f, serial_demonic_e, serial_demonic_g,
          serial_demonic_b, serial_demonic_d, serial_demonic_d,
          serial_demonic_b, serial_demonic_a, serial_demonic_f, abandoned_shop,
          dk_noncrumbling_4
D:5:      layout_basic, nicolae_overflow_hidden_temple,
          nicolae_vehumet_radiance, gammafunk_ghost_necromancy,
          kennysheep_generic_room_10, uniq_grinder
D:6:      layout_basic, st_stairs_5, uniq_eustachio, uniq_menkaure
D:7:      layout_basic, kennysheep_diamond
D:8:      layout_basic, lair_entry_dummy, chequers_serial_rivers_marsh,
          uniq_pikel, uniq_psyche, uniq_maggie
D:9:      kennysheep_six_static_rooms, layout_basic, fedhas_altar_4,
          zombieorc2_lemuel, kb_rosetta
D:10:     layout_loops_ring
D:11:     layout_gridville, gauntlet_entry_generic
Lair:1:   layout_gridlike
Lair:2:   layout_misc_corridors, skrybe_swamp_entry_bodies,
          ebering_ghost_disaster_area, uniq_gastronok
Lair:3:   layout_chaotic_city, nicolae_snake_entry_warm_welcome,
          gammafunk_ghost_split
Lair:4:   layout_cave_pods, slime_entry_1, infiniplex_staircase_pool_2
Lair:5:   hangedman_lair_tendril_chambers, layout_small_grid,
          guppyfry_lair_end_dragon, special_room [special_room_mythical_zoo]

Notes
Turn   | Place    | Note
-------+----------+-------------------------------------------
     0 | D:1      | kae the Demigod Transmuter began the quest for the Orb.
     0 | D:1      | Reached XP level 1. HP: 15/15 MP: 5/5
     0 | D:1      | magus.rc [v1.11.3]
   364 | D:1      | Reached skill level 2 in Transmutations
   393 | D:1      | Reached skill level 2 in Spellcasting
   992 | D:2      | Reached XP level 2. HP: 14/22 MP: 4/7
  1138 | D:2      | Learned a level 2 spell: Wereblood
  1167 | D:2      | Reached XP level 3. HP: 23/27 MP: 3/9
  1175 | D:2      | HP: 6/27 [poisoned by an orc wizard]
  1179 | D:2      | Reached skill level 3 in Transmutations
  1439 | D:2      | Learned a level 3 spell: Spider Form
  1548 | D:2      | Reached XP level 4. HP: 34/34 MP: 9/11
  1621 | D:2      | Reached skill level 3 in Spellcasting
  1677 | D:2      | You pick up a book of Unlife and begin reading...
  1677 | D:2      | You add the spells Animate Dead, Borgnjor's Vile Clutch and
                  | Death Channel to your library.
  2225 | D:3      | Identified the +4 ring mail of the Crushed Leylines
                  | {+Blink}
  2383 | D:4      | Reached skill level 1 in Poison Magic
  2498 | D:4      | HP: 7/34 [quasit (2)]
  2504 | D:4      | HP: 6/51 [goblin/+0 club (3)]
  2512 | D:4      | Reached XP level 5. HP: 10/39 MP: 8/12
  2522 | D:4      | Reached skill level 2 in Poison Magic
  2694 | D:4      | HP: 8/39 [ufetubus (4)]
  2696 | D:4      | Reached skill level 4 in Transmutations
  2885 | D:4      | Learned a level 4 spell: Ice Form
  2919 | D:4      | Reached skill level 1 in Ice Magic
  3055 | D:4      | Reached skill level 2 in Ice Magic
  3055 | D:4      | Reached XP level 6. HP: 45/46 MP: 9/13
  3721 | D:4      | Found a staircase to the Ecumenical Temple.
  3948 | D:5      | Entered Level 5 of the Dungeon
  3960 | D:5      | Noticed Grinder
  3986 | D:5      | Killed Grinder
  3987 | D:5      | Reached skill level 5 in Transmutations
  3987 | D:5      | Reached skill level 3 in Ice Magic
  3987 | D:5      | Reached XP level 7. HP: 47/51 MP: 12/14
  4064 | D:5      | Reached skill level 4 in Ice Magic
  4288 | D:5      | Reached skill level 5 in Ice Magic
  4559 | D:5      | Reached skill level 6 in Transmutations
  4691 | D:5      | Reached XP level 8. HP: 58/58 MP: 11/15
  5097 | D:5      | Found a runed translucent gate.
  5097 | D:5      | Found a runed translucent gate.
  5099 | D:5      | Found a runed translucent gate.
  5102 | D:5      | Noticed caveywoolpert's ghost (amateur GrEE)
  5290 | D:5      | Reached skill level 6 in Ice Magic
  5520 | D:6      | Noticed Eustachio
  5525 | D:6      | Noticed Menkaure
  5566 | D:5      | Killed Eustachio
  5567 | D:5      | Reached skill level 7 in Transmutations
  5567 | D:5      | Reached skill level 1 in Fighting
  5792 | D:6      | HP: 14/70 [Menkaure (10)]
  5793 | D:6      | Killed Menkaure
  5794 | D:6      | Reached skill level 2 in Fighting
  6049 | D:6      | Reached skill level 3 in Fighting
  6391 | D:6      | Reached skill level 4 in Fighting
  6549 | D:6      | Reached skill level 5 in Fighting
  6551 | D:6      | HP: 8/81 [ogre/+0 giant club (13)]
  6974 | D:6      | Reached XP level 9. HP: 75/75 MP: 11/16
  6980 | D:6      | Reached skill level 6 in Fighting
  7532 | D:7      | Reached skill level 7 in Fighting
  7649 | D:7      | Reached skill level 3 in Unarmed Combat
  7810 | D:7      | HP: 5/94 [steam dragon/ball of steam (27)]
  7815 | D:7      | HP: 9/94 [something (6)]
  8080 | D:7      | Reached skill level 4 in Unarmed Combat
  8340 | D:7      | Reached skill level 5 in Unarmed Combat
  8765 | D:7      | Reached skill level 6 in Unarmed Combat
  9361 | D:8      | Reached skill level 7 in Unarmed Combat
  9361 | D:8      | Reached XP level 10. HP: 58/86 MP: 13/17
  9582 | D:8      | Noticed Psyche
  9598 | D:8      | Killed Psyche
  9604 | D:8      | Noticed Pikel
  9628 | D:8      | Killed Pikel
  9629 | D:8      | Reached skill level 8 in Unarmed Combat
  9885 | D:8      | Found a staircase to the Lair.
 10409 | D:8      | Noticed Maggie
 10440 | D:8      | Reached skill level 9 in Unarmed Combat
 10446 | D:8      | Killed Maggie
 11409 | D:9      | Found a staircase to the Orcish Mines.
 11415 | D:9      | Reached skill level 10 in Unarmed Combat
 11415 | D:9      | Reached skill level 2 in Dodging
 11792 | D:9      | Noticed a skeletal warrior
 12074 | D:9      | HP: 24/103 [skeletal warrior/+0 trident (24)]
 12375 | D:9      | Reached skill level 3 in Dodging
 12544 | D:9      | Noticed a two-headed ogre
 12554 | D:9      | Killed a two-headed ogre
 12555 | D:9      | Reached skill level 4 in Dodging
 12820 | D:9      | HP: 24/103 [poisoned by a killer bee]
 12825 | D:9      | HP: 17/103 [poisoned by a killer bee]
 13065 | D:9      | Noticed a centaur warrior
 13078 | D:9      | Killed a centaur warrior
 13079 | D:9      | Reached skill level 5 in Dodging
 13079 | D:9      | Reached XP level 11. HP: 63/92 MP: 15/19
 13219 | D:9      | Noticed a boulder beetle
 13280 | D:9      | Noticed a deep elf pyromancer
 13294 | D:9      | Killed a deep elf pyromancer
 13295 | D:9      | Reached skill level 6 in Dodging
 13410 | D:9      | Killed a skeletal warrior
 13665 | D:10     | Entered Level 10 of the Dungeon
 13857 | D:10     | Noticed a two-headed ogre
 13875 | D:10     | Killed a two-headed ogre
 13876 | D:10     | Reached skill level 7 in Dodging
 14241 | D:10     | You pick up a book of the Earth and begin reading...
 14241 | D:10     | You add the spells Leda's Liquefaction, Lee's Rapid
                  | Deconstruction and Statue Form to your library.
 14342 | D:10     | Reached skill level 8 in Dodging
 14392 | D:10     | You pick up a book of Spatial Translocations and begin
                  | reading...
 14392 | D:10     | You add the spells Blink, Momentum Strike and Lesser
                  | Beckoning to your library.
 14621 | D:10     | Learned a level 6 spell: Statue Form
 14655 | D:11     | You pick up a book of Rime and begin reading...
 14655 | D:11     | You add the spells Frozen Ramparts and Summon Ice Beast to
                  | your library.
 14729 | D:11     | Reached skill level 1 in Earth Magic
 14929 | D:11     | Reached skill level 2 in Earth Magic
 15231 | D:11     | HP: 20/110 [cyclops (25)]
 15236 | D:11     | HP: 27/110 [cyclops (26)]
 15240 | D:11     | Reached skill level 3 in Earth Magic
 15637 | D:11     | You pick up a book of Ice and begin reading...
 15637 | D:11     | You add the spells Simulacrum, Ozocubu's Refrigeration and
                  | Polar Vortex to your library.
 15880 | Lair:1   | Entered Level 1 of the Lair of Beasts
 15892 | Lair:1   | You pick up a book of Dreams and begin reading...
 15892 | Lair:1   | You add the spells Ensorcelled Hibernation and Anguish to
                  | your library.
 15923 | Lair:1   | Reached skill level 4 in Earth Magic
 16239 | Lair:1   | Reached skill level 5 in Earth Magic
 16895 | Lair:2   | Found a large runed translucent door.
 16896 | Lair:2   | Found a large runed translucent door.
 16900 | Lair:2   | Noticed Qeegir's ghost (journeyman HOFi)
 17140 | Lair:2   | Noticed Gastronok
 17231 | Lair:2   | Reached skill level 6 in Earth Magic
 17341 | Lair:2   | Found a staircase to the Swamp.
 17343 | Lair:2   | Noticed a bog body
 17354 | Lair:2   | Killed a bog body
 17433 | Lair:2   | You pick up a book of Party Tricks and begin reading...
 17433 | Lair:2   | You add the spells Apportation and Alistair's Intoxication
                  | to your library.
 17451 | Lair:2   | You pick up a book of Lightning and begin reading...
 17451 | Lair:2   | You add the spells Vhi's Electric Charge, Arcjolt and
                  | Plasma Beam to your library.
 17578 | Lair:2   | Killed Gastronok
 17579 | Lair:2   | Reached skill level 7 in Earth Magic
 17579 | Lair:2   | Reached XP level 12. HP: 76/100 MP: 13/20
 18074 | Lair:2   | Killed Qeegir's ghost
 18424 | Lair:3   | Noticed UltrafastDeath's ghost (journeyman DjWr)
 18474 | Lair:3   | You pick up a book of the Hunter and begin reading...
 18474 | Lair:3   | You add the spells Call Canine Familiar and Portal
                  | Projectile to your library.
 18475 | Lair:3   | Found a runed translucent gate.
 18475 | Lair:3   | Found a runed translucent gate.
 18475 | Lair:3   | Found a runed translucent gate.
 18475 | Lair:3   | Noticed a four-headed hydra
 18505 | Lair:3   | Reached skill level 8 in Transmutations
 18505 | Lair:3   | Reached skill level 8 in Earth Magic
 18567 | Lair:3   | You pick up a book of Callings and begin reading...
 18567 | Lair:3   | You add the spells Summon Small Mammal and Summon Guardian
                  | Golem to your library.
 18636 | Lair:3   | Found a staircase to the Snake Pit.
 18643 | Lair:3   | HP: 19/120 [salamander/+0 halberd (16)]
 19408 | Lair:3   | HP: 13/120 [salamander/+0 halberd (18)]
 19953 | Lair:4   | Found a staircase to the Slime Pits.
 20225 | Lair:4   | Reached skill level 9 in Transmutations
 20225 | Lair:4   | Reached skill level 9 in Earth Magic
 20401 | Lair:4   | You are sucked into a shaft and drop 1 floor!
 20401 | Lair:5   | Entered Level 5 of the Lair of Beasts
 21538 | Lair:5   | Noticed a five-headed hydra
 21548 | Lair:5   | Killed a five-headed hydra
 21627 | Lair:5   | HP: 28/130 [hornet (6)]
 21631 | Lair:5   | HP: 10/130 [water moccasin (5)]
 21632 | Lair:5   | Noticed a four-headed hydra
 21633 | Lair:5   | Slain by a wyvern

Vanquished Creatures
  Gastronok (Lair:2)
  The ghost of Qeegir the Severer, a journeyman HOFi of Okawaru (Lair:2)
  A hydra (Lair:5)
  A centaur warrior (D:9)
  2 two-headed ogres
  A skyshark (Lair:2)
  A skeletal warrior (D:9)
  A bog body (Lair:2)
  Pikel (D:8)
  A deep elf pyromancer (D:9)
  A wolf spider (Lair:5)
  2 cyclopes (D:11)
  A salamander (Lair:3)
  4 elephants (Lair:4)
  A black mamba (Lair:5)
  10 cane toads
  Psyche (D:8)
  Maggie (D:8)
  2 komodo dragons
  2 rime drakes (Lair:5)
  A troll (D:10)
  2 hornets
  Grinder (D:5)
  6 blink frogs
  4 dream sheep (Lair:3)
  A vampire (D:11)
  22 yaks
  4 shadows
  3 wyverns
  Eustachio (D:5)
  5 basilisks
  2 redbacks (Lair:5)
  2 steam dragons
  Menkaure (D:6)
  2 vampire mosquitoes (D:6)
  2 acid dragons
  16 water moccasins
  3 ice beasts
  5 sky beasts
  An ogre (D:6)
  2 black bears
  3 orc warriors
  4 centaurs
  2 lemures (D:8)
  4 phantoms
  8 kobold brigands
  A gnoll sergeant (D:9)
  11 bullfrogs
  2 scorpions
  5 wights
  4 troll zombies (D:9)
  8 killer bees
  3 lava snakes
  3 hounds
  2 quasits (D:4)
  A jelly (D:5)
  4 orc priests
  4 iguanas
  10 orc wizards
  4 ogre zombies (D:9)
  7 gnolls
  6 adders
  7 shadow imps
  8 white imps
  9 ufetubi (D:4)
  2 worms
  A dart slug (D:5)
  25 orcs
  2 endoplasms (D:4)
  3 giant cockroaches
  4 goblins (D:4)
  4 hobgoblins
  7 jackals
  4 quokkas
  3 ball pythons
  3 bats
  A frilled lizard (D:1)
  3 goblin zombies (D:9)
  5 hobgoblin zombies (D:9)
  39 kobolds
  3 orc skeletons (D:9)
  14 orc zombies (D:9)
  7 rats
372 creatures vanquished.

Vanquished Creatures (others)
  An ufetubus (D:4)
  A bush (Lair:5)
  6 demonic plants (D:4)
  32 fungi
  68 plants
108 creatures vanquished.

Grand Total: 480 creatures vanquished

Table legend:
 A = Non-vault XP
 B = Vault XP
 C = Vault XP percentage of total XP
 D = Non-vault monster count
 E = Vault monster count
 F = Vault count percentage of total count
                 A         B        C        D         E       F
            +---------+---------+-------+---------+---------+-------
      Total |   26333 |   16394 |  38.4 |     262 |     108 |  29.2
            +---------+---------+-------+---------+---------+-------
        D:1 |       9 |       0 |   0.0 |       8 |       0 |   0.0
        D:2 |     112 |      17 |  13.2 |      20 |       4 |  16.7
        D:3 |      11 |       0 |   0.0 |       6 |       0 |   0.0
        D:4 |     203 |     305 |  60.0 |      20 |      24 |  54.5
        D:5 |     872 |     642 |  42.4 |      21 |       5 |  19.2
        D:6 |    1716 |     169 |   9.0 |      21 |       1 |   4.5
        D:7 |    1539 |     196 |  11.3 |      21 |       2 |   8.7
        D:8 |    2217 |    1423 |  39.1 |      27 |       3 |  10.0
        D:9 |    1034 |    4547 |  81.5 |      31 |      45 |  59.2
       D:10 |    2797 |       0 |   0.0 |      23 |       0 |   0.0
       D:11 |    1764 |       0 |   0.0 |      10 |       0 |   0.0
     Lair:1 |    2506 |       0 |   0.0 |      11 |       0 |   0.0
     Lair:2 |    3982 |    3162 |  44.3 |      15 |       3 |  16.7
     Lair:3 |    2612 |     664 |  20.3 |       9 |       4 |  30.8
     Lair:4 |    3884 |       0 |   0.0 |      14 |       0 |   0.0
     Lair:5 |    1075 |    5269 |  83.1 |       5 |      17 |  77.3
            +---------+---------+-------+---------+---------+-------

Skill      XL: |  1  2  3  4  5  6  7  8  9 10 11 12 |
---------------+-------------------------------------+-----
Transmutations | 2 3 4 5 6 7 9 |  9.8
Spellcasting   | 2 3 |  3.0
Poison Magic   | 1 2 |  2.0
Ice Magic      | 2 3 5 6 |  6.0
Fighting       | 5 7 |  7.1
Unarmed Combat | 7 10 | 10.0
Dodging        | 5 8 |  8.1
Earth Magic    | 7 9 |  9.8

Action                     |  1- 3 |  4- 6 |  7- 9 | 10-12 || total
---------------------------+-------+-------+-------+-------++-------
  Melee: Unarmed           |    67 |   233 |   277 |   706 ||  1283
         Kick              |    17 |    10 |       |       ||    27
         Headbutt          |     8 |     2 |       |       ||    10
         Punch             |       |     2 |       |     9 ||    11
   Cast: Beastly Appendage |    18 |    13 |       |       ||    31
         Wereblood         |     2 |     4 |    15 |    30 ||    51
         Spider Form       |       |    13 |       |       ||    13
         Ice Form          |       |     3 |    41 |    80 ||   124
         Statue Form       |       |       |       |     4 ||     4
Ability: End Transformatio |       |       |       |     1 ||     1
  Evoke: Wand              |       |       |     2 |     9 ||    11
    Use: Scroll            |     4 |     8 |     4 |    13 ||    29
         Potion            |     1 |     2 |     5 |     2 ||    10
   Stab: Sleeping          |       |     1 |     1 |       ||     2
 Armour: Robe              |    10 |    17 |     3 |     4 ||    34
         Skin              |       |    87 |   122 |   308 ||   517
  Dodge: Dodged            |    44 |   224 |   154 |   453 ||   875

Illustrated notes

Table legend:
 A = Kills in this place as a percentage of kills in the entire game.
 B = Kills by you in this place as a percentage of kills by you in the entire game.
 C = Kills by friends in this place as a percentage of kills by friends in the entire game.
 D = Other kills in this place as a percentage of other kills in the entire game.
 E = Experience gained in this place as a percentage of experience gained in the entire game.
 F = Experience gained in this place divided by the number of levels of this place that you have seen.
                   A       B       C       D       E      F
               +-------+-------+-------+-------+-------+----------------------
         Total | 100.0 | 100.0 |   N/A |   N/A | 100.0 | 2670.4
       Dungeon |  78.9 |  78.9 |   N/A |   N/A |  45.8 | 1779.4
          Lair |  21.1 |  21.1 |   N/A |   N/A |  54.2 | 4630.8
               +-------+-------+-------+-------+-------+----------------------

Table legend: (Time is in decaauts)
 A = Elapsed time spent in this place.
 B = Non-inter-level travel time spent in this place.
 C = Inter-level travel time spent in this place.
 D = Time resting spent in this place.
 E = Time spent auto-exploring this place.
 F = Levels seen in this place.
 G = Mean time per level.
                   A        B        C        D        E       F      G
               +--------+--------+--------+--------+--------+-----+--------+
         Total |  21578 |  20772 |    806 |   1040 |  16349 |  16 | 1348.6 |
       Dungeon |  15786 |  15158 |    628 |    761 |  11922 |  11 | 1435.1 |
          Lair |   5791 |   5614 |    177 |    279 |   4427 |   5 | 1158.2 |
               +--------+--------+--------+--------+--------+-----+--------+

Top non-repeatable levels by time:
     D:9: 2226 daAuts
     D:8: 2131 daAuts
     D:7: 1911 daAuts
     D:5: 1804 daAuts
  Lair:3: 1657 daAuts
     D:6: 1629 daAuts
     D:4: 1491 daAuts
  Lair:2: 1445 daAuts
  Lair:4: 1216 daAuts
    D:11: 1184 daAuts
     D:2: 1078 daAuts
    D:10: 963 daAuts
  Lair:1: 959 daAuts
     D:1: 740 daAuts
     D:3: 624 daAuts
